Map: Acid Plant LE

Players

DnS - Winner!

  • Race: Protoss Protoss
  • Spawn Location: 11:00

Rail

  • Race: Protoss Protoss
  • Spawn Location: 5:00

Event: WCS Valencia 2018

VOD

Have the link to the VOD?

Description

Time

  • Played on: July 12, 2018, 10:02 a.m.
  • Length: 9:49

All games in this series

Show
View Real Time Build Order
Export as new Build Order

DnS Protoss - Winner!

Build Orders: Archon Immortal 

Get SALT Encoding   

  12  0:00  Probe  
  13  0:12  Probe  
  14  0:17  Pylon  
  14  0:24  Probe  
  15  0:32  Probe  
  15  0:38  Gateway  
  15  0:40  Probe  
  16  0:45  Assimilator  
  17  0:50  Probe  
  17  0:54  Assimilator  
  18  0:58  Probe  
  19  1:06  Probe  
  20  1:13  Gateway  
  20  1:17  Probe  
  20  1:25  Cybernetics Core  
  21  1:29  Probe  
  22  1:34  Pylon  
  22  1:41  Probe  
  23  1:52  Warp Gate  
  23  1:53  Probe  
  24  2:04  Adept x2  
  24  2:05  Probe  
  29  2:11  Pylon  
  29  2:31  Stalker x2  
  33  2:47  Nexus  
  33  2:50  Probe  
  34  3:01  Sentry x2  
  34  3:02  Probe  
  39  3:07  Pylon  
  39  3:23  Robotics Facility, Probe  
  40  3:28  Shield Battery  
  40  3:31  Probe  
  40  3:40  Probe  
  42  3:52  Probe  
  42  3:55  Stalker x2  
  47  4:02  Probe  
  48  4:11  Phoenix  
  48  4:13  Probe  
  48  4:16  Probe  
  52  4:22  Stalker  
  52  4:23  Stalker  
  56  4:24  Probe  
  56  4:27  Probe  
  56  4:29  Observer  
  55  4:32  Probe  
  55  4:34  Shield Battery  
  55  4:35  Probe  
  54  4:41  Probe  
  54  4:45  Probe  
  56  4:46  Assimilator  
  56  4:48  Assimilator  
  56  4:50  Immortal  
  61  4:53  Phoenix  
  61  4:55  Forge, Probe  
  62  5:06  Stargate  
  62  5:12  Pylon  
  62  5:18  Pylon  
  62  5:20  Immortal  
  62  5:28  Protoss Ground Weapons Level 1  
  62  5:30  Probe x2  
  62  5:31  Pylon  
  68  5:37  Pylon  
  68  5:40  Twilight Council  
  68  5:42  Probe x2  
  70  5:45  Phoenix  
  72  5:59  Immortal  
  72  6:00  Observer  
  72  6:03  Phoenix  
  76  6:08  Gateway  
  76  6:10  Gateway  
  78  6:16  Charge  
  78  6:20  Phoenix  
  78  6:25  Pylon  
  80  6:36  Zealot x2  
  80  6:38  Pylon  
  80  6:39  Phoenix  
  84  6:41  Immortal  
  90  7:02  Phoenix  
  90  7:03  Pylon  
  90  7:05  Nexus  
  92  7:08  Pylon  
  92  7:17  Zealot x4  
  73  7:37  Zealot x4  
  73  7:39  Immortal, Phoenix  
  73  7:58  Zealot x4, Phoenix  
  81  8:13  Templar Archives  
  81  8:21  Zealot x4  
  91  8:35  Shield Battery  
  91  8:37  Immortal  
  91  8:39  Shield Battery x2  
  93  8:49  High Templar  
  93  8:50  High Templar x3  
  93  8:54  Archon  
  93  8:55  Archon  
  93  9:12  Phoenix  
  89  9:23  Stalker x3  
  93  9:27  Stalker  
Show
View Real Time Build Order
Export as new Build Order

Rail Protoss 

Build Orders: Blink Stalkers, Colossus Rush 

Get SALT Encoding   

  12  0:00  Probe  
  13  0:12  Probe  
  14  0:20  Pylon  
  14  0:24  Probe  
  15  0:34  Probe  
  15  0:39  Gateway  
  15  0:42  Probe  
  16  0:43  Assimilator  
  17  0:51  Probe  
  17  0:56  Assimilator  
  18  1:00  Probe  
  19  1:07  Gateway  
  19  1:08  Probe  
  20  1:19  Probe  
  21  1:26  Cybernetics Core  
  21  1:31  Probe  
  22  1:34  Pylon  
  22  1:43  Probe  
  23  1:55  Probe  
  24  2:02  Sentry, Stalker  
  24  2:03  Warp Gate  
  24  2:07  Probe  
  29  2:11  Pylon  
  30  2:29  Stalker  
  31  2:36  Twilight Council  
  30  2:37  Stalker  
  32  2:53  Blink  
  32  2:59  Nexus  
  32  3:06  Shield Battery  
  32  3:20  Stalker  
  34  3:29  Robotics Facility  
  34  3:36  Shield Battery  
  35  3:43  Stalker  
  35  3:46  Probe  
  37  3:52  Pylon  
  37  3:58  Probe  
  38  4:10  Probe  
  38  4:11  Probe  
  40  4:22  Probe x2  
  42  4:30  Probe x2  
  41  4:31  Observer  
  43  4:38  Probe  
  43  4:40  Probe  
  43  4:43  Robotics Bay  
  45  4:48  Probe  
  45  4:52  Immortal, Probe  
  50  4:55  Pylon  
  51  5:01  Probe  
  51  5:04  Probe  
  53  5:13  Assimilator, Probe  
  54  5:16  Gateway, Probe  
  54  5:18  Colossus  
  55  5:25  Probe  
  56  5:28  Probe  
  56  5:31  Gateway  
  63  5:36  Resonating Glaives  
  63  5:37  Probe  
  63  5:39  Gateway  
  64  5:43  Gateway  
  65  5:53  Pylon  
  65  5:59  Adept x2  
  65  6:01  Warp Prism, Pylon  
  65  6:03  Assimilator  
  68  6:14  Pylon  
  68  6:15  Sentry  
  72  6:22  Adept x2  
  72  6:25  Pylon  
  76  6:35  Adept  
  76  6:37  Adept  
  76  6:38  Adept  
  82  6:40  Adept  
  82  6:43  Adept  
  82  6:44  Adept  
  88  6:49  Pylon  
  88  6:53  Pylon  
  88  6:55  Adept  
  88  6:58  Sentry, Adept  
  94  7:02  Adept  
  94  7:04  Adept  
  94  7:08  Adept  
  98  7:24  Adept  
  98  7:25  Adept x3  
  93  7:30  Adept x4  
  91  7:42  Warp Prism  
  85  7:48  Sentry, Adept  
  81  7:57  Sentry  
  81  7:58  Adept x3  
  85  8:10  Adept  
  87  8:14  Adept x2  
  91  8:24  Stalker x3  
  97  8:27  Pylon  
  97  8:36  Sentry, Adept x2  
  97  8:40  Pylon  
  103  8:48  Adept x3  
  109  9:03  Adept x3  
  107  9:10  Adept x3  
  85  9:27  Adept x3  
  63  9:41  Adept x3  
Tags
 
Add a new tag
Caveats
  • Supply blocks, unpowered buildings, or Contaminate may cause inaccurate times.
  • Supply counts are checked every 10 seconds.